 Dungeon Crawl Stone Soup version 0.20-a0-809-gaf7f668 (console) character file.

117 nht the Slasher (level 5, -3/61 HPs)
             Began as a Merfolk Berserker on Mar 3, 2017.
             Was a Believer of Trog.
             Slain by a scorpion (6 damage)
             ... on level 4 of the Dungeon.
             The game lasted 00:02:06 (2332 turns).

nht the Slasher (Merfolk Berserker)                 Turns: 2332, Time: 00:02:07

Health: -3/61      AC: 22    Str: 17    XL:     5   Next: 1%
Magic:  5/5        EV:  2    Int:  7    God:    Trog [**....]
Gold:   112        SH:  0    Dex: 14    Spells: 4/4 levels left

rFire    . . .     SeeInvis .   a - +0 falchion
rCold    . . .     Gourm    .   (armour currently unavailable)
rNeg     + + +     Faith    .   (no shield)
rPois    +         Spirit   .   (helmet currently unavailable)
rElec    .         Reflect  .   (cloak currently unavailable)
rCorr    .         Harm     .   (gloves currently unavailable)
MR       .....     NoTele   +   (boots currently unavailable)
Stlth    +.........             (no amulet)
Regen    0.2/turn               (no ring)
MPRegen  0.1/turn               (no ring)

@: lethally poisoned (-3 -> -14), tree-form
A: (change form in water), (swift swim), (stealthy swim)
a: Berserk, Trog's Hand, Burn Spellbooks, Renounce Religion


You were on level 4 of the Dungeon.
You worshipped Trog.
Trog was pleased with you.
You were not hungry.
You were a tree.
You visited 1 branch of the dungeon, and saw 4 of its levels.

You collected 112 gold pieces.

Inventory:

Hand Weapons
 a - a +0 falchion (weapon)
Missiles
 m - 8 tomahawks (quivered)
Armour
 b - a +0 animal skin (melded)
Jewellery
 o - an uncursed ring of poison resistance {unknown}
Wands
 i - a wand of polymorph (14/24)
 u - a wand of enslavement (12/24)
Scrolls
 f - a scroll of blinking {unknown}
 h - a scroll of enchant weapon {unknown}
 k - 5 scrolls of remove curse {unknown}
 l - 5 scrolls of identify {unknown}
 p - a scroll of fear {unknown}
 q - 3 scrolls of teleportation {unknown}
 s - a scroll of magic mapping {unknown}
 t - a scroll of recharging {unknown}
Potions
 e - a potion of lignification
 g - a potion of flight {unknown}
 j - a potion of ambrosia {unknown}
 r - a potion of magic {unknown}
Comestibles
 c - 3 bread rations
 d - 3 chunks of flesh
 n - 3 meat rations


   Skills:
 - Level 3.2 Fighting
 + Level 6.0 Long Blades
 - Level 1.3 Armour
 - Level 2.6 Dodging


You had 4 spell levels left.
You didn't know any spells.

Dungeon Overview and Level Annotations

Branches:
Dungeon (4/15)
 Temple: D:4-7

Altars:
Ru
Zin


Message History

A scorpion is nearby!
You hit the scorpion but do no damage.
The scorpion is lightly wounded.
The scorpion stings you!
* * * LOW HITPOINT WARNING * * *
A scorpion is nearby!
You hit the scorpion.
The scorpion is heavily wounded.
You feel sick. The scorpion stings you!
* * * LOW HITPOINT WARNING * * *
You are more poisoned.
The scorpion poisons you!
There is a lethal amount of poison in your body!
You are too injured to fight recklessly!
It was a potion of lignification.
You turn into a tree.
Your +0 animal skin melds into your body.
Your roots penetrate the ground.
* * * LOW HITPOINT WARNING * * *
You feel sick. The scorpion stings you.
You die...

....█ █...█ ██.
.....█ ██..██ █.
..... ██...██ █.
█..██████.....██ █.
█..............████.
█.......████....█..
█..██████ ███....█
█..█ ██..██ ██.♣█
█..█ .......s█ █..█
........█ █..█
█████.....████ ██.██
██.....<.██████..██
█..████....██....█
█.██ ████...████.█
█. ██.██ █. █.██ █


You could see a scorpion.

Vanquished Creatures
  3 adders
  2 oozes (D:3)
  A worm (D:3)
  2 dart slugs
  3 leopard geckos
  5 orcs (D:3)
  3 giant cockroaches
  5 goblins
  8 hobgoblins
  6 jackals
  A quokka (D:3)
  2 ball pythons
  5 bats
  3 frilled lizards
  7 kobolds
  11 rats
67 creatures vanquished.

Notes
Turn   | Place    | Note
-------+----------+-------------------------------------------
     0 | D:1      | nht the Merfolk Berserker began the quest for the Orb.
     0 | D:1      | Reached XP level 1. HP: 18/18 MP: 1/1
    90 | D:1      | Reached XP level 2. HP: 20/24 MP: 2/2
   100 | D:1      | Reached skill level 4 in Long Blades
   342 | D:1      | Reached ** piety under Trog
   490 | D:1      | Reached XP level 3. HP: 29/29 MP: 3/3
   848 | D:2      | Reached skill level 5 in Long Blades
  1189 | D:2      | Reached XP level 4. HP: 24/35 MP: 4/4
  1328 | D:3      | Found a glowing silver altar of Zin.
  1416 | D:3      | Found a sacrificial altar of Ru.
  2157 | D:4      | Reached skill level 6 in Long Blades
  2162 | D:4      | Reached XP level 5. HP: 33/41 MP: 5/5
  2332 | D:4      | HP: 3/61 [poisoned by a scorpion]
  2332 | D:4      | Slain by a scorpion

Vault maps used:
D:1:      lightli_iron_boxes
D:2:      st_stairs_12
D:3:      zin_statuary, nicolae_ru_awakened_eye
D:4:      overflow_temple_1_default

Skill      XL: |  1  2  3  4 |
---------------+-------------+-----
Long Blades    | 4 5 6 |  6.0
Fighting       | |  3.2
Armour         | |  1.3
Dodging        | |  2.6

Action                   |  1- 3 |  4- 6 || total
-------------------------+-------+-------++-------
Melee: Falchion          |    90 |    92 ||   182
Throw: Tomahawk          |       |     1 ||     1
Invok: Berserk           |     1 |     1 ||     2
  Use: Potion            |       |     1 ||     1
 Stab: Sleeping          |     3 |     1 ||     4
       Distracted        |     1 |       ||     1
  Eat: Chunk             |     2 |     4 ||     6
Armor: Animal skin       |    18 |    10 ||    28
Dodge: Dodged            |    64 |    59 ||   123
       Rpst.: Falchion   |    26 |    22 ||    48
